 Dungeon Crawl Stone Soup version 0.29.1-1-gd02db6906a (webtiles) character file.

Game seed: 7180293854714765242

23176 QuarterstaffGirl the Cruncher (level 13, -1/93 HPs)
             Began as a Human Gladiator on Oct 21, 2022.
             Was an Elder of Hepliaklqana.
             Blown up by an orb spider (51 damage)
             ... with an orb of destruction
             ... on level 3 of the Lair of Beasts.
             The game lasted 01:28:48 (15078 turns).

QuarterstaffGirl the Cruncher (Human Gladiator)    Turns: 15078, Time: 01:28:49

Health: -1/93      AC: 17    Str: 20    XL:     13   Next: 33%
Magic:  21/21      EV: 14    Int: 15    God:    Hepliaklqana [****..]
Gold:   444        SH:  4    Dex: 16    Spells: 5/23 levels left

rFire   . . .      SeeInvis .   r - +4 quarterstaff (spect)
rCold   . . .      Faith    .   (shield currently unavailable)
rNeg    . . .      Spirit   .   z - +0 chain mail "Igrarysk" {Drain rPois Int+3}
rPois   +          Reflect  .   G - +2 hat {Int+3}
rElec   .          Harm     .   (no cloak)
rCorr   .          Rampage  .   g - +2 pair of gloves
Will    +....                   (no boots)
Stlth   +.........              (no amulet)
HPRegen 0.25/turn               j - ring "Unuk" {EV+4 Str+5 Int-3 Stlth+}
MPRegen 0.17/turn               m - ring of willpower

@: no status effects
A: reduced essence, hooves 1, iridescent scales 1, large bone plates 1, robust 1
a: Renounce Religion, Recall Ancestor, Ancestor Identity, Transference, Idealise


You were on level 3 of the Lair of Beasts.
You worshipped Hepliaklqana.
Hepliaklqana was greatly pleased with you.
You visited 2 branches of the dungeon, and saw 13 of its levels.
You also visited: Bailey.

You collected 1001 gold pieces.
You spent 557 gold pieces at shops.

Inventory:

Hand Weapons
 r - a +4 spectral quarterstaff (weapon)
Missiles
 k - 49 poisoned darts
 v - 4 boomerangs
 x - 4 curare-tipped darts (quivered)
Armour
 g - a +2 pair of gloves (worn)
 i - a +1 leather armour of poison resistance
 y - a +2 hat
 z - the +0 chain mail "Igrarysk" (worn) {Drain rPois Int+3}
   (You bought it in a shop on level 9 of the Dungeon)

   Int:       It affects your intelligence (+3).
   rPois:     It protects you from poison.
   Drain:     It drains your maximum health when unequipped.
 G - a +2 hat of intelligence (worn)
Jewellery
 h - a ring of willpower
 j - the ring "Unuk" (left hand) {EV+4 Str+5 Int-3 Stlth+}
   (You found it on level 4 of the Dungeon)

   [ring of evasion]

   EV:        It affects your evasion (+4).
   Str:       It affects your strength (+5).
   Int:       It affects your intelligence (-3).
   Stlth:     It makes you more stealthy.
 m - a ring of willpower (right hand)
 I - a +4 ring of protection
 J - an amulet of the acrobat
Wands
 c - a wand of polymorph (3)
 C - a wand of mindburst (8)
 K - a wand of paralysis (3)
Scrolls
 d - 2 scrolls of amnesia
 e - 2 scrolls of vulnerability
 p - 2 scrolls of brand weapon
 q - a scroll of teleportation
 s - a scroll of torment
 w - a scroll of noise
 E - 2 scrolls of poison
Potions
 a - a potion of haste {unknown}
 f - 3 potions of lignification
 l - 2 potions of brilliance
 n - a potion of ambrosia
 o - 6 potions of heal wounds
 t - a potion of resistance
 u - 3 potions of berserk rage {unknown}
 A - 2 potions of curing
 B - 2 potions of invisibility {unknown}
 D - a potion of cancellation
 H - a potion of magic {unknown}
 L - a potion of experience {unknown}
 M - a potion of might
Miscellaneous
 b - a box of beasts
 F - a condenser vane (inert)


   Skills:
 * Level 6.2 Fighting
 * Level 5.3(8.0) Polearms
 * Level 9.2(9.9) Staves
 * Level 5.6 Throwing
 * Level 6.5 Armour
 * Level 6.0 Dodging
 * Level 6.3 Stealth
 + Level 1.3 Shields
 * Level 5.7 Spellcasting
 * Level 5.6 Hexes
 * Level 4.5 Summonings
 * Level 4.2 Translocations
 * Level 4.3 Transmutations
 + Level 0.4 Fire Magic
 * Level 3.7 Air Magic
 + Level 0.4 Poison Magic
 * Level 5.1 Invocations
 * Level 3.4 Evocations


You had 5 spell levels left.
You knew the following spells:

 Your Spells              Type           Power      Damage    Failure   Level
a - Tukima's Dance        Hex            21%        N/A       36%         3
b - Portal Projectile     Hex/Tloc       38%        N/A       45%         3
c - Blade Hands           Tmut           8%         N/A       99%         5
d - Summon Lightning Spi  Summ/Air       16%        N/A       93%         4
e - Ignite Poison         Fire/Tmut/Pois 9%         N/A       88%         3

Your spell library contained the following spells:

 Spells                   Type           Power      Damage    Failure   Level
 Beastly Appendage        Tmut           34%        N/A       22%         1
 Wereblood                Tmut           17%        N/A       32%         2
 Spider Form              Tmut/Pois      11%        N/A       83%         3
 Mephitic Cloud           Conj/Pois/Air  8%         N/A       92%         3
 Airstrike                Air            7%         2d(2-18)  95%         4
 Freezing Cloud           Conj/Ice/Air   4%         6-21      100%        5
 Lightning Bolt           Conj/Air       4%         1d16      100%        5
 Borgnjor's Revivificati  Necr           2%         N/A       100%        8
 Necromutation            Tmut/Necr      5%         N/A       100%        8
 Death's Door             Necr           2%         N/A       100%        9


Dungeon Overview and Level Annotations

Branches:
Dungeon (10/15)            Temple (0/1) D:7            Lair (3/5) D:10
 Spider (0/4) Lair:3       Bailey (visited)
  Swamp: Lair:2-3    Shoals: Lair:2-3       Orc: D:9-12

Altars:
Ashenzari
Cheibriados
Dithmenos
Elyvilon
Hepliaklqana
Nemelex Xobeh
Okawaru
Ru
Sif Muna
Trog
Vehumet
Wu Jian
Xom
Yredelemnul
Zin
The Shining One

Shops:
D:5 *   D:6 ?(:   D:9 [=[*


Innate Abilities, Weirdness & Mutations

Your life essence is reduced to manifest your ancestor. (-10% HP)
You have large cloven feet.
You are partially covered in iridescent scales. (AC +2)
You are partially covered in large bone plates. (SH +4)
You are robust. (+10% HP)


Message History

Found a hole to the Spider Nest.
The orb spider's many legs skitter faintly.
The orb spider spins a strand of pure energy.
The orb spider weaves a glowing orb of energy.
An orb of destruction comes into view.
The orb of destruction hits you!!!
The orb spider pulsates with a strange energy.
Press: ? - help, v - describe, . - travel Some deep water.
The orb spider weaves a glowing orb of energy.
Sword-lady blocks the orb of destruction.
A harpoon shot appears from out of your range of vision.
The harpoon shot hits Sword-lady!
Sword-lady hits the orb spider with a +0 flail!!
Sword-lady hits the orb spider with a +0 flail!
The swamp worm is caught in a web!
Sword-lady barely misses the orb spider.
The orb spider pulsates with a strange energy.
The swamp worm pulls away from the web.
Sword-lady completely misses the orb spider.
Why would you want to do that?
Sword-lady hits the orb spider with a +0 flail.
You hit the swamp worm. Your kick misses the swamp worm.
The swamp worm is lightly wounded.
Your +4 spectral quarterstaff hits the swamp worm.
The orb spider weaves a glowing orb of energy.
The swamp worm closely misses you.
Sword-lady misses the orb spider.
An orb of destruction comes into view.
You sock the swamp worm! Your kick misses the swamp worm.
The swamp worm is heavily wounded.
Your +4 spectral quarterstaff hits the swamp worm!
The swamp worm closely misses you.
Sword-lady hits the orb spider with a +0 flail!
The orb spider dies!
Your Dodging skill increases to level 6!
You sock the swamp worm!
You kill the swamp worm!
The orb of destruction hits you!!!
Ouch! That really hurt!
You die...

♣.♣.♣♣♣..#######...#.......# ♣
♣♣♣.♣w#########..##P..#### ..
♣♣.♣~...#..^........##..# .
♣..~~...##+≈≈≈.^.#^.###.##
♣§.§≈~~♣.#^..≈≈.^^.^.# #..## ##
♣..≈~~~♣.##>.≈≈.###..# #.#.####.
♣§♣~≈~~♣.##.^R.#^#.^.###........
. ♣~≈≈~♣.##+≈°☼○§....##.........
♣≈~≈≈♣.#.....@[..#.#.#........
♣♣≈≈≈♣.##.#.####..##...##..###
♣♣♣#♣♣♣♣♣.#######^...#.##..#..P#
.♣...♣........##...#......#.#.##
...............................
.............†..................
................................
...P.P....................(((...
...PP.....................PP(..#


You could see the friendly Sword-lady the knight.

Vanquished Creatures
  Gastronok (Lair:1)
  Josephine (D:10)
  A hydra (Lair:3)
  A two-headed ogre (D:9)
  A centaur warrior (D:8)
  A tengu warrior (D:9)
  An orc high priest (Bailey)
  Sonja (D:10)
  2 elephants (Lair:1)
  Joseph (D:8)
  2 cane toads
  3 komodo dragons
  3 kobold demonologists
  2 wyverns (D:10)
  4 wraiths
  13 yaks
  A basilisk (D:10)
  A fire bat (D:10)
  Menkaure (D:6)
  2 swamp worms (Lair:3)
  An acid dragon (D:10)
  8 water moccasins
  6 orc warriors
  2 black bears
  2 ice beasts
  2 ogres
  A centaur (D:8)
  3 wolves (Lair:2)
  6 kobold brigands
  6 bullfrogs
  4 necrophages
  Blork the orc (D:5)
  A gnoll sergeant (D:5)
  4 scorpions
  5 wights
  6 killer bees (D:9)
  A howler monkey (D:6)
  2 electric eels (Bailey)
  3 jellies
  4 orc priests
  A gnoll bouda (D:5)
  2 hounds
  4 iguanas
  8 orc wizards
  15 gnolls
  6 adders
  A shadow imp (D:8)
  A white imp (D:7)
  2 ufetubi
  2 dart slugs
  37 orcs
  5 endoplasms
  4 giant cockroaches
  13 goblins
  6 hobgoblins
  4 quokkas
  9 ball pythons
  3 bats
  28 kobolds
  3 rats
265 creatures vanquished.

Vanquished Creatures (collateral kills)
  The ghost of safid the Skirmisher, a novice MiHu of Okawaru (D:9)
  A two-headed ogre (D:10)
  An orb spider (Lair:3)
  An orc knight (Bailey)
  3 elephants (Lair:1)
  A rime drake (Lair:2)
  A komodo dragon (Lair:1)
  A tengu conjurer (D:9)
  5 yaks
  A wyvern (D:10)
  A water moccasin (D:10)
  7 orc warriors
  An ogre (D:6)
  A centaur (D:7)
  A phantom (D:5)
  3 bullfrogs
  5 wights
  3 electric eels (Bailey)
  A jelly (D:6)
  An iguana (D:6)
  4 orc wizards
  5 gnolls
  2 adders (D:6)
  11 orcs
  4 goblins
  3 hobgoblins (Bailey)
  A quokka (D:5)
  3 kobolds
73 creatures vanquished.

Vanquished Creatures (others)
  4 dancing weapons
  5 knights
  2 ancestors (D:5)
  An orc (D:7)
  A bush (D:10)
  9 fungi
  42 plants
  2 withered plants (D:9)
66 creatures vanquished.

Grand Total: 404 creatures vanquished

Notes
Turn   | Place    | Note
-------+----------+-------------------------------------------
     0 | D:1      | QuarterstaffGirl the Human Gladiator began the quest for
                  | the Orb.
     0 | D:1      | Reached XP level 1. HP: 16/16 MP: 1/1
    98 | D:1      | Reached XP level 2. HP: 15/22 MP: 2/2
   393 | D:4      | Reached XP level 3. HP: 27/27 MP: 3/3
   425 | D:4      | Identified the ring "Unuk" {EV+4 Str+5 Int-3 Stlth+}
   451 | D:4      | Noticed a torpor snail
   455 | D:4      | Found a snail-covered altar of Cheibriados.
   455 | D:4      | Noticed a torpor snail
   455 | D:4      | Noticed a torpor snail
   729 | D:4      | Reached XP level 4. HP: 26/33 MP: 4/4
   736 | D:4      | Found a white marble altar of Elyvilon.
   811 | D:4      | Noticed a scorpion
   832 | D:4      | Killed a scorpion
   833 | D:4      | Reached skill level 4 in Staves
   833 | D:4      | Reached skill level 1 in Armour
   833 | D:4      | Reached skill level 1 in Stealth
   833 | D:4      | Reached XP level 5. HP: 31/39 MP: 4/6
   837 | D:4      | Learned a level 3 spell: Tukima's Dance
  1085 | D:3      | Found a hazy altar of Hepliaklqana.
  1154 | D:3      | Became a worshipper of Hepliaklqana the Forgotten
  1543 | D:3      | Reached skill level 1 in Spellcasting
  1569 | D:3      | Reached skill level 1 in Polearms
  1579 | D:3      | Gained mutation: Your muscles are strong. (Str +4, Int/Dex
                  | -1) [potion of mutation]
  1579 | D:3      | Lost mutation: Your muscles are strong. (Str +4, Int/Dex
                  | -1) [potion of mutation]
  2154 | D:3      | Reached XP level 6. HP: 41/46 MP: 7/7
  2673 | D:2      | Gained mutation: You have hidden genetic potential. [potion
                  | of mutation]
  2673 | D:2      | Gained mutation: You are robust. (+10% HP) [potion of
                  | mutation]
  2673 | D:2      | Gained mutation: You are partially covered in iridescent
                  | scales. (AC +2) [potion of mutation]
  3077 | D:1      | Reached * piety under Hepliaklqana
  3259 | D:1      | Found a faded altar of an unknown god.
  3617 | D:5      | Entered Level 5 of the Dungeon
  3669 | D:5      | Found Muzaecun's General Store.
  3804 | D:5      | Found a broken altar of Ashenzari.
  3810 | D:5      | Reached skill level 1 in Hexes
  3810 | D:5      | Reached XP level 7. HP: 40/51 MP: 9/9
  3820 | D:5      | Gained mutation: You are partially covered in large bone
                  | plates. (SH +4) [hidden potential]
  3826 | D:5      | Noticed Blork the orc
  3841 | D:5      | Killed Blork the orc
  3846 | D:5      | Reached skill level 5 in Staves
  4301 | D:5      | Found an iron altar of Okawaru.
  4365 | D:5      | Reached XP level 8. HP: 51/58 MP: 10/10
  4379 | D:5      | Gained mutation: You have large cloven feet. [hidden
                  | potential]
  4379 | D:5      | Lost mutation: You have hidden genetic potential. [hidden
                  | potential expressed]
  5143 | D:6      | Found Quggak's Book Boutique.
  5154 | D:6      | Reached skill level 6 in Staves
  5177 | D:6      | Learned a level 3 spell: Portal Projectile
  5266 | D:6      | Reached XP level 9. HP: 65/65 MP: 12/12
  5266 | D:6      | Found Qybon's Antique Weapon Shop.
  5278 | D:6      | Noticed Menkaure
  5287 | D:6      | Killed Menkaure
  5356 | D:6      | Reached ** piety under Hepliaklqana
  5366 | D:6      | Remembered your ancestor Sword-lady as a knight
  5379 | D:6      | Bought a glowing quarterstaff for 154 gold pieces
  5402 | D:6      | Learned a level 5 spell: Blade Hands
  5476 | D:6      | Found Bodio's Magic Scroll Shoppe.
  5481 | D:6      | Bought a scroll of teleportation for 42 gold pieces
  5481 | D:6      | Bought a scroll of torment for 133 gold pieces
  5590 | D:6      | Found an ornate altar of the Wu Jian Council.
  5624 | D:6      | Found a sacrificial altar of Ru.
  5895 | D:6      | Found a shimmering altar of Xom.
  5979 | D:7      | Reached skill level 1 in Transmutations
  5999 | D:7      | Identified the +6 hand axe of Defiance {spect, Contam Will+
                  | Dex+5}
  6076 | D:7      | Reached skill level 7 in Staves
  6102 | D:7      | Found a glowing silver altar of Zin.
  6199 | D:7      | Reached skill level 1 in Invocations
  6221 | D:7      | Reached skill level 1 in Translocations
  6256 | D:7      | Reached XP level 10. HP: 59/72 MP: 15/15
  6300 | D:7      | Learned a level 4 spell: Summon Lightning Spire
  6445 | D:7      | Found a staircase to the Ecumenical Temple.
  6552 | D:7      | Found a shimmering blue altar of Sif Muna.
  6655 | D:8      | Found a shadowy altar of Dithmenos.
  6713 | D:8      | HP: 2/73 [cloud of flame (15)]
  7057 | D:8      | Reached *** piety under Hepliaklqana
  7154 | D:8      | Noticed a centaur warrior
  7199 | D:8      | Found a radiant altar of Vehumet.
  7214 | D:8      | Noticed Joseph
  7231 | D:8      | Killed Joseph
  7570 | D:8      | Killed a centaur warrior
  7571 | D:8      | Reached skill level 5 in Stealth
  7571 | D:8      | Reached skill level 1 in Summonings
  7571 | D:8      | Reached skill level 1 in Air Magic
  7571 | D:8      | Reached skill level 1 in Evocations
  7714 | D:9      | Found a flagged portal.
  7733 | Bailey   | Entered a bailey
  8278 | Bailey   | Found an iron altar of Okawaru.
  8278 | Bailey   | Noticed an orc high priest
  8278 | Bailey   | Noticed a kobold demonologist
  8282 | Bailey   | Noticed a rust devil
  8282 | Bailey   | Noticed a rust devil
  8286 | Bailey   | Noticed a rust devil
  8404 | Bailey   | Noticed an orc knight
  8414 | Bailey   | Killed an orc knight
  8415 | Bailey   | Reached XP level 11. HP: 14/78 MP: 10/16
  9474 | Bailey   | Reached skill level 5 in Fighting
  9474 | Bailey   | Reached skill level 5 in Dodging
  9687 | Bailey   | Noticed a soul eater
  9690 | Bailey   | Noticed a soul eater
  9858 | Bailey   | Killed an orc high priest
  9859 | Bailey   | Reached skill level 5 in Armour
 10029 | D:9      | Found a runed translucent door.
 10029 | D:9      | Noticed safid's ghost (novice MiHu)
 10039 | D:9      | Learned a level 3 spell: Ignite Poison
 10055 | D:9      | Noticed a two-headed ogre
 10063 | D:9      | Killed a two-headed ogre
 10064 | D:9      | Reached skill level 8 in Staves
 10227 | D:9      | Noticed a sixfirhy
 10547 | D:9      | Found Karhiuty's Jewellery Emporium.
 10597 | D:9      | Reached skill level 1 in Shields
 10610 | D:9      | Found Iheploun's Antique Armour Emporium.
 10621 | D:9      | Bought an ichor-stained chain mail for 228 gold pieces
 10621 | D:9      | Identified the +0 chain mail "Igrarysk" {Drain rPois Int+3}
                  | (You bought it in a shop on level 9 of the Dungeon)
 10692 | D:9      | Found Kifirue's General Store.
 10718 | D:9      | Found a sparkling altar of Nemelex Xobeh.
 10907 | D:9      | Killed safid's ghost
 10942 | D:9      | Noticed a tengu warrior
 10952 | D:9      | Killed a tengu warrior
 11199 | D:9      | Found Migas's Antique Armour Boutique.
 11270 | D:10     | Entered Level 10 of the Dungeon
 11558 | D:10     | Noticed a two-headed ogre
 11567 | D:10     | Killed a two-headed ogre
 11568 | D:10     | Reached XP level 12. HP: 81/86 MP: 19/19
 11669 | D:10     | Found a glowing golden altar of the Shining One.
 11671 | D:10     | Noticed an angel
 11808 | D:10     | Identified the +7 long sword "Utexuod" {vorpal, rElec
                  | Int+4}
 11875 | D:10     | Reached skill level 5 in Throwing
 12243 | D:10     | Noticed Josephine
 12260 | D:10     | Killed Josephine
 12266 | D:10     | Reached skill level 5 in Hexes
 12451 | D:10     | Reached skill level 5 in Spellcasting
 12491 | D:10     | Found a staircase to the Lair.
 12510 | D:10     | Found a bloodstained altar of Trog.
 12785 | D:10     | Found a basalt altar of Yredelemnul.
 12787 | D:10     | Noticed a profane servitor
 12890 | D:10     | Noticed Sonja
 12899 | D:10     | Killed Sonja
 12963 | Lair:1   | Entered Level 1 of the Lair of Beasts
 12985 | Lair:1   | Reached skill level 5 in Polearms
 13241 | Lair:1   | Reached skill level 9 in Staves
 13353 | Lair:1   | Noticed Gastronok
 13359 | Lair:1   | You fall into a shaft and drop 1 floor!
 13359 | Lair:2   | Reached **** piety under Hepliaklqana
 13464 | Lair:2   | Reached XP level 13. HP: 66/93 MP: 21/21
 13669 | Lair:1   | Killed Gastronok
 13670 | Lair:1   | Reached skill level 5 in Invocations
 14800 | Lair:3   | Noticed a five-headed hydra
 15052 | Lair:3   | Killed a five-headed hydra
 15063 | Lair:3   | Found a hole to the Spider Nest.
 15078 | Lair:3   | Blown up by an orb spider

Illustrated notes

Levels and vault maps discovered:
D:1:      minmay_arrival_diagonal_passages, layout_basic,
          hellmonk_ecumenical_altar_inner_sanctum, minmay_pentomino_u2
D:2:      layout_rooms
D:3:      layout_basic, lemuel_tele_altar, minivault_19
D:4:      layout_cave_pools, cheibriados_altar_2,
          mainiacjoe_overflow_concentric_impassable, serial_park,
          serial_park_tiny_2, serial_park_square2, serial_park_tiny_1,
          serial_park_tiny_2, serial_park_square1 [serial_park_minivault_5x5_4],
          serial_park_tiny_pond
D:5:      layout_loops_cross, cheibrodos_ashenzari_chains, okawaru_trees_1,
          serial_shops, nicolae_shop_advertising_works
          [nicolae_subvault_shop_adworks], uniq_blork_the_orc
D:6:      layout_rooms, lemuel_round_altar, nicolae_ru_the_path_less_chosen,
          dk_xom_monty_hall, serial_shops, kennysheep_little_box, shop,
          nicolae_stop_n_shop_1, uniq_menkaure
D:7:      layout_cave_pools, lemuel_doored_altar, marbit_many_paths,
          minmay_temple_entry_glass
D:8:      layout_rooms, vehumet_crystals, nicolae_dithmenos_the_darkroom,
          uniq_joseph
D:9:      layout_long_grid, nemelex_xobeh_ov_fountains_minmay, serial_shops,
          nicolae_shop_window_shopping, kennysheep_mini,
          nicolae_shop_window_shopping, shop, enter_bailey_5,
          gammafunk_ghost_grave, onia_ninara_dug_in_and_dangerous
D:10:     layout_roguey, grunt_temple_overflow_holy_war,
          overflow_temple_1_default, minmay_lair_entry_grove,
          minmay_misc_feat_iff, uniq_sonja, uniq_josephine
Lair:1:   layout_cave_shapes, lemuel_old_faithful, uniq_gastronok
Lair:2:   layout_big_grid, grunt_megastairs_2
Lair:3:   layout_chaotic_city, palyth_hydra_swamp_entry,
          nicolae_spider_entry_orb_guardian, serial_forest,
          infiniplex_forest_lined_room_2, infiniplex_forest_clump_long,
          infiniplex_forest_lined_2, infiniplex_forest_side_room,
          infiniplex_forest_clump_tiny, infiniplex_forest_clump_medium,
          infiniplex_forest_lined_room_3, infiniplex_forest_clump_double,
          infiniplex_forest_end_3, minivault_25, serial_bayou_shore_b,
          lemuel_fruit_tree

Skill      XL: |  1  2  3  4  5  6  7  8  9 10 11 12 13 |
---------------+----------------------------------------+-----
Staves         | 4 5 6 7 8 9 |  9.2
Armour         | 1 2 3 4 5 6 |  6.5
Stealth        | 1 2 3 4 5 6 |  6.3
Spellcasting   | 1 2 3 4 5 |  5.7
Polearms       | 1 2 3 4 5 |  5.3
Hexes          | 1 2 3 4 5 |  5.6
Fighting       | 3 4 5 6 |  6.2
Dodging        | 4 5 6 |  6.0
Throwing       | 3 4 5 |  5.6
Transmutations | 1 2 3 4 |  4.3
Invocations    | 2 3 4 5 |  5.1
Translocations | 1 2 3 4 |  4.2
Summonings     | 1 3 4 |  4.5
Air Magic      | 1 2 3 |  3.7
Evocations     | 1 2 3 |  3.4
Shields        | 1 |  1.3
Fire Magic     | |  0.4
Poison Magic   | |  0.4

Action                   |  1- 3 |  4- 6 |  7- 9 | 10-12 | 13-15 || total
-------------------------+-------+-------+-------+-------+-------++-------
Melee: Quarterstaff      |    42 |   131 |   164 |   293 |    36 ||   666
       Kick              |       |       |    34 |    98 |    10 ||   142
Throw: Throwing net      |     7 |       |       |       |       ||     7
       Javelin           |       |     6 |       |       |       ||     6
       Dart              |       |     2 |    22 |    26 |       ||    50
       Boomerang         |       |       |       |     9 |       ||     9
 Cast: Tukima's Dance    |       |       |     3 |    24 |       ||    27
       Portal Projectile |       |       |       |     1 |       ||     1
       Ignite Poison     |       |       |       |     8 |       ||     8
Invok: Recall Ancestor   |       |     4 |     2 |     4 |     1 ||    11
       Ancestor Identity |       |     1 |       |       |       ||     1
       Ancestor Life: Kn |       |       |     1 |       |       ||     1
       Transference      |       |       |       |     1 |       ||     1
Evoke: Wand              |       |       |     6 |    16 |     2 ||    24
       Box of beasts     |       |       |       |     1 |       ||     1
       Condenser vane    |       |       |       |       |     1 ||     1
  Use: Scroll            |     2 |     8 |     7 |    18 |     3 ||    38
       Potion            |       |     5 |     4 |     5 |       ||    14
 Stab: Sleeping          |     1 |    10 |     1 |     6 |       ||    18
       Paralysed         |       |       |       |     5 |       ||     5
       Distracted        |       |       |       |     7 |     5 ||    12
Armor: Leather armour    |    12 |    17 |    39 |    10 |       ||    78
       Skin              |       |    29 |       |       |       ||    29
       Chain mail        |       |       |       |    81 |    22 ||   103
Dodge: Dodged            |    26 |    89 |   122 |   156 |    30 ||   423
Block: Other             |       |       |    16 |    60 |    12 ||    88
